AoeStats
← xXLucaComXx

Arabia

507119427Analyzed
4v4 RM · 16d ago on Sep 16, 2026· 17m 45s· 8 players
Game mode
Random Map
Map size
Large (8 player)
Population
200
Speed
Normal
Resources
Standard
Victory
Conquest
Starting age
Dark Age
Ending age
Imperial Age
RankedLock teamsTeams togetherTeam positionsShared explorationLock speedFull tech treeHidden civsTurbo modeCheats
Victory
Defeat
🇪🇸 Lithuanians · Spain
1134
+16
🇧🇴 Magyars · Bolivia
1102
+17
🇨🇦 Gurjaras · Canada
1073
+18
🇯🇵 Britons · Japan
1070
+18
🇩🇪 Teutons · Germany
1147
-18
🇩🇪 Lithuanians · Germany
1130
-17
🇩🇪 Huns · Germany
1118
-17
🇩🇪 Inca · Germany
1112
-17
KennyQuiss
10:34 Feudal Age
10:48 Loom
17:08 Scale Barding Armor
[KBRA] Oeseka
6:55 Loom
9:41 Feudal Age
11:22 Double-Bit Axe
vince.dion123
4:03 Loom
11:49 Feudal Age
14:00 Double-Bit Axe
16:24 Castle Age
14:57 Horse Collar
sada-aki
4:53 Loom
8:22 Feudal Age
8:51 Double-Bit Axe
11:43 Fletching
16:53 Padded Archer Armor
Lankos
6:52 Loom
9:24 Feudal Age
10:33 Double-Bit Axe
10:32 Horse Collar
xXLucaComXx
0:37 Loom
11:43 Feudal Age
rickert.junge
9:52 Feudal Age
12:35 Bloodlines
13:39 Loom
14:08 Horse Collar
14:14 Double-Bit Axe
Magicarp5000
11:10 Feudal Age
10:00 Loom
12:23 Double-Bit Axe
12:30 Horse Collar
14:19 Forging
13:58 Champi Runner
Connection lost

Rejoining the realm…

Still unreachable

The connection could not be restored.

Session expired

The server has moved on; the page needs a fresh start.